Map: Zen LE

Players

Astrea - Winner!

  • Race: Protoss Protoss
  • Spawn Location: 7:00

Gerald

  • Race: Protoss Protoss
  • Spawn Location: 1:00

Event: IEM Katowice 2020

VOD

Have the link to the VOD?

Description

Time

  • Played on: Feb. 24, 2020, 7:57 a.m.
  • Length: 4:50

All games in this series

Show
View Real Time Build Order
Export as new Build Order

Astrea Protoss - Winner!

Build Orders:  

Get SALT Encoding   

  12  0:00  Probe  
  13  0:12  Probe  
  14  0:17  Pylon  
  14  0:24  Probe (Chrono Boost)  
  15  0:36  Gateway  
  15  0:37  Probe (Chrono Boost)  
  16  0:44  Probe (Chrono Boost)  
  16  0:45  Assimilator  
  17  0:51  Probe  
  17  0:54  Assimilator  
  18  1:03  Probe (Chrono Boost)  
  19  1:08  Gateway  
  19  1:12  Probe (Chrono Boost)  
  19  1:17  Probe (Chrono Boost)  
  20  1:24  Cybernetics Core  
  21  1:29  Probe  
  22  1:35  Pylon  
  22  1:41  Probe  
  24  1:57  Warp Gate (Chrono Boost)  
  23  2:08  Nexus  
  23  2:16  Stalker  
  25  2:23  Stalker  
  27  2:52  Gateway  
  27  2:53  Gateway  
  27  2:55  Stalker  
  29  3:00  Shield Battery  
  29  3:06  Stalker  
  31  3:27  Shield Battery  
  31  3:30  Pylon  
  31  3:41  Stalker  
  31  3:46  Stalker x2  
  37  4:00  Stalker  
  39  4:04  Stalker  
  39  4:09  Stalker  
  43  4:11  Stalker  
  43  4:35  Stalker x3  
  47  4:42  Stalker  
Show
View Real Time Build Order
Export as new Build Order

Gerald Protoss 

Build Orders: Oracle Opening 

Get SALT Encoding   

  12  0:00  Probe  
  13  0:12  Probe  
  14  0:17  Pylon  
  14  0:25  Probe (Chrono Boost)  
  16  0:37  Probe (Chrono Boost), Gateway  
  16  0:42  Probe (Chrono Boost)  
  16  0:46  Assimilator  
  17  0:51  Probe  
  17  0:55  Assimilator  
  18  1:03  Probe (Chrono Boost)  
  19  1:07  Gateway  
  19  1:13  Probe (Chrono Boost)  
  20  1:19  Probe  
  20  1:24  Cybernetics Core  
  21  1:31  Pylon  
  21  1:33  Probe  
  22  1:45  Probe  
  23  1:57  Probe  
  23  2:01  Adept x2  
  28  2:05  Stargate  
  28  2:11  Probe  
  28  2:12  Pylon  
  28  2:15  Warp Gate  
  29  2:24  Probe  
  30  2:44  Nexus  
  30  2:57  Oracle (Chrono Boost)  
  29  2:58  Probe  
  33  3:08  Shield Battery  
  33  3:11  Probe  
  36  3:24  Twilight Council  
  32  3:27  Probe  
  33  3:36  Stalker  
  33  3:37  Stalker  
  33  3:39  Probe  
  38  3:45  Pylon  
  38  4:03  Shield Battery  
  38  4:05  Shield Battery  
  39  4:14  Stalker  
  40  4:19  Stalker  
  32  4:37  Stalker  

Tags
 
Add a new tag
Caveats
  • Supply blocks, unpowered buildings, or Contaminate may cause inaccurate times.
  • Supply counts are checked every 10 seconds.